Unix NetHack Version 5.0.0-0 post-release - last build May 17 2026 04:57:42 (dc50c8380fa5e20985bfe3072449f57b8d9895ef,branch:main).

Game began 2026-05-17 08:23:37, ended 2026-05-17 08:52:02.

GdeVolpiano, lawful female dwarven Cavewoman

                       ---------------
    -------            |.............|                          -----------
    |))...|            |..............#                         |.........|
    |.))).|            |.............|#                         |.........|
    |)..).|            -----------.---#                         |.........|
    |)))..-###           #   ######   #                     ####-...>.....|
    |).).)|  ###       ########       #                    ##   |.........|
    -------    #####   #              #                   ##    ----.------
                   #---.-------      ##                  ##         #
                   #.........*.#######--------    ------ #          #
                    |.........|      #|....)<|   0......##          #
                    |.........|      #.......|  ##|....|            #
                    |..........##### #|......| ###i@...|            ###
                    |.........|      #|.......####|.0..|              #
                    |.........|      #|......| #  |..[.|         -----.----
                    -----------      #|......-##  |....|         |........|
                                     #--------    ------         |........|
                                     ##                          |........|
                                                                 ----------

GdeVolpiano the Aborigine  St:15 Dx:12 Co:16 In:12 Wi:13 Ch:10  Lawful
Dlvl:2  $:24 HP:0(45) Pw:14(14) AC:7  Xp:5 T:2539  Weak    

Latest messages:
 The imp hits!
 You hit the imp.
 You knock the imp back with a forceful strike!
 You miss the imp.
 The imp hits!
 You miss the imp.
 The imp hits!
 You miss the imp.
 The imp hits!
 You miss the imp.
 The imp hits!
 You miss the imp.
 The imp hits!
 You miss the imp.
 The imp hits!
 "Thy gaze is so vacant, I thought thee a floating eye!"
 You miss the imp.
 The imp hits!
 "Thy head is unfit for a mind flayer to munch upon!"
 You miss the imp.
 The imp hits!
 You miss the imp.
 The imp hits!
 You miss the imp.
 The imp hits!
 You miss the imp.
 The imp hits!
 #
 You secure the tether.
 x - an uncursed thonged club (tethered to right hand).
 t - a blessed corroded war hammer named Ogresmasher (alternate weapon; not wielded).
 The imp hits!
 You miss the imp.
 The imp hits!
 You are beginning to feel weak.
 You climb up the stairs.
 You remember this level as Sunsword and Ogresmasher.
 The imp hits!
 "Up thy nose with a rubber hose!"
 Where do you want to travel to?
 (For instructions type a '?')
 The imp hits!
 You miss the imp.
 The imp hits!
 You miss the imp.
 The imp hits!
 You miss the imp.
 The imp hits!
 You die...
 Do you want your possessions identified? [ynq] (y)

Inventory:
 Coins    ('$')
  $ - 24 gold pieces
 Weapons  (')')
  x - a +0 aklys (tethered to right hand)
  A - a +0 aklys
  t - the blessed corroded +2 Ogresmasher (alternate weapon; not wielded)
 Armor    ('[')
  Q - an uncursed +0 elven leather helm (being worn)
  e - an uncursed +0 leather armor (being worn)
 Comestibles  ('%')
  r - an uncursed food ration
  o - an uncursed orange
 Scrolls  ('?')
  J - an uncursed scroll of confuse monster
  q - 2 uncursed scrolls of teleportation
 Rings    ('=')
  m - an uncursed +2 ring of adornment (on right hand)
 Tools    ('(')
  O - an uncursed oil lamp

GdeVolpiano the Cavewoman's attributes:

Background:
 You were an Aborigine, a level 5 dwarven Cavewoman.
 You were lawful, on a mission for Anu
 who was opposed by Ishtar (neutral) and Anshar (chaotic).
 You were right-handed.
 You were in the Dungeons of Doom, on level 2.
 You entered the dungeon 2539 turns ago.
 There was a new moon in effect when your adventure ended.
 You had 181 experience points, 139 more were needed to attain level 6.

Basics:
 You had 0 out of 45 hit points.
 You had all 14 energy points (spell power).
 Your armor class was 7.
 Your wallet contained 24 zorkmids.
 Autopickup was on for '$?!/="+' plus thrown, with exceptions.

Final Characteristics:
 Your strength was 15 (base:16, limit:18/100).
 Your dexterity was 12 (limit:20).
 Your constitution was 16 (limit:20).
 Your intelligence was 12 (limit:16).
 Your wisdom was 13 (limit:16).
 Your charisma was 10 (base:8, limit:16).

Final Status:
 You were weak from severe hunger.
 You were unencumbered.
 You were wielding a club.
 You had basic skill with club.

Final Attributes:
 You were piously aligned.
 You were telepathic.
 You had infravision.
 You were more charismatic.
 You were warded.
 You are dead.

Miscellaneous:
 You didn't encounter any bones levels.
 Total elapsed playing time was 28 minutes and 24 seconds.

Major events:
 Turn
    1: GdeVolpiano the lawful dwarven Cavewoman entered the dungeon
  317: entered the Gnomish Mines
  572: found Sunsword in a shop
  579: found Ogresmasher in a shop
  797: attained the rank of Aborigine (level 3)
 2285: reached Mine Town
 2539: killed by an imp

Spells:
 Name                 Level Category     Fail Retention
 wizard lock            2   matter       100%  76%-100%
 create familiar        6   clerical     100%  76%-100%

Skills:
 Fighting Skills
   bare handed combat [Basic]
 Weapon Skills
   dagger             [Unskilled]
   knife              [Unskilled]
   axe                [Unskilled]
   pick-axe           [Unskilled]
   club               [Basic]
   mace               [Unskilled]
   morning star       [Unskilled]
   flail              [Unskilled]
   hammer             [Unskilled]
   quarterstaff       [Unskilled]
   polearms           [Unskilled]
   spear              [Unskilled]
   trident            [Unskilled]
   bow                [Unskilled]
   sling              [Basic]
   boomerang          [Unskilled]
   unicorn horn       [Unskilled]
 Spellcasting Skills
   attack spells      [Unskilled]
   matter spells      [Unskilled]

Voluntary challenges:
 Character rerolling was not enabled.
 You never genocided any monsters.
 You never polymorphed an object.
 You never changed form.
 You used no wishes.
Achievements:
 You entered the Gnomish Mines.
 You entered a shop.
 You attained the rank of Aborigine.
 You entered Minetown.

 The Dungeons of Doom: levels 1 to 3
    Level 1:
       An altar to Anu, a fountain.
    Level 2: "Sunsword and Ogresmasher" <- You were here.
       A weapon shop.
       Stairs down to The Gnomish Mines.
       Final resting place for
          you, killed by an imp.
    Level 3:
 The Gnomish Mines: levels 3 to 5
    Level 3:
    Level 4:
    Level 5:


Vanquished creatures:
  a small mimic
  a pony
  2 gnome leaders
  a gnomish wizard
  3 floating eyes
  a dwarf
  a homunculus
  a kobold leader
  2 rothes
  a giant bat
 an iguana
  2 gas spores
  a brown mold
  a green mold
 13 gnomes
  5 geckos
 11 jackals
  2 foxes
  a goblin
  7 grid bugs
  4 lichens
  2 kobold zombies
  2 newts
66 creatures vanquished.

No species were genocided or became extinct.

Game over:
                       ----------
                      /          \
                     /    REST    \
                    /      IN      \
                   /     PEACE      \
                  /                  \
                  |   GdeVolpiano    |
                  |      24 Au       |
                  | killed by an imp |
                  |                  |
                  |                  |
                  |                  |
                  |       2026       |
                 *|     *  *  *      | *
        _________)/\\_//(\/(/\)/\//\/|_)_______

Goodbye GdeVolpiano the Cavewoman...

You died in The Dungeons of Doom on dungeon level 2 with 938 points,
and 24 pieces of gold, after 2539 moves.
You were level 5 with a maximum of 45 hit points when you died.

